 Dungeon Crawl Stone Soup version 0.30-a0-743-gbfdf073431 (webtiles) character file.

Game seed: 10550789929386823419

35 Querens the Sneak (level 3, 0/16 HPs)
             Began as a Spriggan Enchanter on Feb 6, 2023.
             Succumbed to an orc's poison
             ... on level 2 of the Dungeon.
             The game lasted 00:02:41 (781 turns).

Querens the Sneak (Spriggan Enchanter)               Turns: 781, Time: 00:02:41

Health: 0/16       AC:  2    Str:  4    XL:     3   Next: 17%
Magic:  8/8        EV: 18    Int: 16    God:
Gold:   90         SH:  0    Dex: 17    Spells: 6/8 levels left

rFire   . . .      SeeInvis +    i - +0 short sword (vamp)
rCold   . . .      Faith    .    (no shield)
rNeg    . . .      Spirit   .    b - +0 robe
rPois   .          Reflect  .    (helmet restricted)
rElec   .          Harm     .    (no cloak)
rCorr   .          Rampage  .    (gloves unavailable)
Will    .....                    (boots unavailable)
Stlth   +++                      (no amulet)
HPRegen 0.22/turn                (no ring)
MPRegen 0.11/turn                (no ring)

@: mighty, lethally poisoned (0 -> -15), very quick
A: very small, no large weapons, unfitting armour, see invisible, speed 3
a: no special abilities


You were on level 2 of the Dungeon.
You visited 1 branch of the dungeon, and saw 2 of its levels.

You collected 90 gold pieces.

Inventory:

Hand Weapons
 a - a +1 dagger
 i - a +0 vampiric short sword (weapon)
Armour
 b - a +0 robe (worn)
Scrolls
 d - a scroll of blinking {unknown}
 f - 2 scrolls of identify {unknown}
 g - 3 scrolls of teleportation {unknown}
Potions
 c - 2 potions of invisibility
 e - a potion of haste {unknown}
 h - a potion of might


   Skills:
 + Level 2.0 Short Blades
 + Level 3.3 Dodging
 - Level 4.4 Stealth
 + Level 3.2 Spellcasting
 + Level 4.1 Hexes


You had 6 spell levels left.
You knew the following spells:

 Your Spells              Type           Power      Damage    Failure   Level
a - Ensorcelled Hibernat  Hex/Ice        18%        N/A       12%         2

Your spell library contained the following spells:

 Spells                   Type           Power      Damage    Failure   Level
 Confusing Touch          Hex            15%        N/A       10%         3
 Tukima's Dance           Hex            15%        N/A       10%         3
 Dazzling Flash           Conj/Hex       18%        N/A       24%         3


Dungeon Overview and Level Annotations

Branches:
Dungeon (2/15)

Altars:


Innate Abilities, Weirdness & Mutations

You are very small and have problems with some larger weapons.
You are too small for most types of armour.
You have supernaturally acute eyesight. (SInv)
You cover ground extremely quickly. (Speed+++)


Message History

You hit the worm.
The worm is severely wounded.
You hit the worm.
The worm is almost dead.
The worm completely misses you.
You hit the worm but do no damage.
The worm is almost dead.
You hit the worm.
You kill the worm!
No target in view!
No target in view!
The frilled lizard hisses angrily.
The orc shouts!
You hear a shout! x4
A hobgoblin comes into view.
An orc priest comes into view. It is wielding a +0 flail.
You hear an angry hiss.
A quokka comes into view.
The quokka barely misses you.
You hit the quokka.
The quokka is severely wounded.
The quokka completely misses you.
You hit the quokka.
The quokka is almost dead.
The quokka misses you. The orc misses you.
You hit the quokka.
You kill the quokka!
The orc priest looks encouraged for a moment.
The orc hits you with a +0 short sword of venom.
You are lethally poisoned!
Your Short Blades skill increases to level 2!
You hit the orc but do no damage.
You feel very sick.
The orc hits you with a +0 short sword of venom.
You are more poisoned.
You are too injured to fight recklessly!
You feel very sick.
* * * LOW HITPOINT WARNING * * *
You feel sick.
It was a potion of might.
You feel very mighty all of a sudden.
You die...

##.. ##... .. # #...
#(. # #... #.# # ..#
#g# ######## #†# #o#
≈#.....# #.# #$#
≈##.##.#########.##l#
≈≈#.##........##@#o#
..'.#########.....#†#
##### ###.#..##
#....... #########


There were no monsters in sight!

Vanquished Creatures
  A worm (D:2)
  3 endoplasms (D:1)
  A giant cockroach (D:1)
  5 hobgoblins (D:1)
  3 kobolds (D:1)
  4 quokkas
  A ball python (D:1)
  4 bats (D:1)
  2 frilled lizards
  2 goblins (D:1)
  3 rats (D:1)
29 creatures vanquished.

Notes
Turn   | Place    | Note
-------+----------+-------------------------------------------
     0 | D:1      | Querens the Spriggan Enchanter began the quest for the Orb.
     0 | D:1      | Reached XP level 1. HP: 9/9 MP: 5/5
   136 | D:1      | Reached XP level 2. HP: 5/13 MP: 6/6
   166 | D:1      | Learned a level 2 spell: Ensorcelled Hibernation
   418 | D:1      | Found a faded altar of an unknown god.
   473 | D:1      | Reached XP level 3. HP: 16/16 MP: 8/8
   781 | D:2      | Succumbed to an orc's poison

Illustrated notes

Levels and vault maps discovered:
D:1:      wheals_arrival_linesprint, layout_rooms,
          hellmonk_ecumenical_altar_crossroads
D:2:      layout_loops_ring, hex_medium, st_stairs_7, kennysheep_nondescript,
          minmay_circle_x

Skill      XL: |  1  2  3 |
---------------+----------+-----
Dodging        | 3 |  3.3
Spellcasting   | 3 |  3.2
Hexes          | 4 |  4.1
Short Blades   | 2 |  2.0
Stealth        | |  4.4

Action                     || total
---------------------------++-------
  Melee: Dagger            ||    65
         Punch             ||     3
         Short sword       ||    37
   Cast: Ensorcelled Hiber ||     4
    Use: Potion            ||     1
   Stab: Sleeping          ||     9
 Armour: Robe              ||     7
  Dodge: Dodged            ||    71

Table legend: (Time is in decaauts)
 A = Elapsed time spent in this place.
 B = Non-inter-level travel time spent in this place.
 C = Inter-level travel time spent in this place.
 D = Time resting spent in this place.
 E = Time spent auto-exploring this place.
 F = Levels seen in this place.
 G = Mean time per level.
                   A        B        C        D        E       F      G
               +--------+--------+--------+--------+--------+-----+--------+
         Total |    514 |    451 |     63 |      0 |      0 |   2 |  257.0 |
       Dungeon |    514 |    451 |     63 |      0 |      0 |   2 |  257.0 |
               +--------+--------+--------+--------+--------+-----+--------+

Top non-repeatable levels by time:
     D:1: 416 daAuts
     D:2: 97 daAuts
